 Dungeon Crawl Stone Soup version 0.27.1-33-g824d729ab1 (webtiles) character file.

Game seed: 14298696028590758779

23 Karpo the Digger (level 3, -3/19 HPs)
             Began as a Gargoyle Earth Elementalist on Dec 30, 2021.
             Killed from afar by Blork the orc (9 damage)
             ... with a magic dart
             ... on level 5 of the Dungeon.
             The game lasted 00:04:38 (1158 turns).

Karpo the Digger (Gargoyle Earth Elementalist)      Turns: 1158, Time: 00:04:39

Health: -3/19      AC:  5    Str: 11    XL:     3   Next: 0%
Magic:  6/6        EV: 11    Int: 16    God:
Gold:   46         SH:  0    Dex: 10    Spells: 6/7 levels left

rFire    . . .     SeeInvis .   j - +0 war axe
rCold    . . .     Faith    .   (no shield)
rNeg     + . .     Spirit   .   b - +0 robe
rPois    ∞         Reflect  .   (no helmet)
rElec    +         Harm     .   (no cloak)
rCorr    .         Rampage  .   (no gloves)
Will     .....                  (no boots)
Stlth    ++........             (no amulet)
HPRegen  0.06/turn              (no ring)
MPRegen  0.10/turn              (no ring)

@: hasted, very quick
A: sickness immunity, AC +3, negative energy resistance 1, electricity
resistance, torment resistance 1, petrification resistance
a: no special abilities


You were on level 5 of the Dungeon.
You visited 1 branch of the dungeon, and saw 5 of its levels.

You collected 46 gold pieces.

Inventory:

Hand Weapons
 e - a +0 dagger
 g - a +0 club
 j - a +0 war axe (weapon)
 l - a +1 short sword of holy wrath
Missiles
 c - 65 stones
Armour
 b - a +0 robe (worn)
Wands
 m - a wand of polymorph (12)
Scrolls
 f - 2 scrolls of identify
Potions
 d - a potion of mutation {unknown}
 h - a potion of lignification {unknown}
 i - a potion of magic {unknown}
 k - a potion of cancellation {unknown}
 n - a potion of heal wounds {unknown}


   Skills:
 - Level 1.5 Dodging
 - Level 2.1 Stealth
 + Level 2.6 Spellcasting
 - Level 0.7 Transmutations
 + Level 4.3 Earth Magic


You had 6 spell levels left.
You knew the following spells:

 Your Spells              Type           Power      Damage    Failure   Level
a - Sandblast             Erth           32%        2d9       3%          1

Your spell library contained the following spells:

 Spells                   Type           Power      Damage    Failure   Level
 Passwall                 Tmut/Erth      8%         N/A       11%         2
 Stone Arrow              Conj/Erth      18%        3d8       24%         3
 Petrify                  Tmut/Erth      10%        N/A       56%         4
 Chain Lightning          Conj/Air       1%         3d1       100%        9
 Fire Storm               Conj/Fire      1%         7d1       100%        9


Dungeon Overview and Level Annotations

Branches:
Dungeon (5/15)
 Temple: D:4-7

Altars:

Annotations:
D:4 Eustachio
D:5 2 transporters, Blork the orc, Prince Ribbit


Innate Abilities, Weirdness & Mutations

You are immune to sickness and miasma.
Your stone body is resilient. (AC +3)
You are immune to poison.
You resist negative energy. (rN+)
You are resistant to electric shocks. (rElec)
You are resistant to unholy torment.
You are immune to petrification.


Message History

Found a glowing short sword.
You see here a +1 short sword of holy wrath.
l - a +1 short sword of holy wrath
Found 30 stones.
Okay, then.
c - 65 stones (gained 30)
Found a short bronze wand.
m - a wand of polymorph (12) Eustachio is nearby!
There is a stone staircase leading down here.
You climb downwards.
You hear the sound of rushing water.
There is an entrance to a sewer on this level.
Hurry and find it before the portal rusts away!
The walls and floor vibrate strangely for a moment.
Level annotation: Prince Ribbit
There is a stone staircase leading up here.
Press: ? - help, v - describe, . - travel A demonic tree.
Found a transporter.
Press: ? - help, v - describe, . - travel A transporter.
Found a transporter.
Found a stone staircase leading down.
Found an emerald potion.
n - a sedimented inky potion You enter the shallow water.
Moving in this stuff is going to be slow.
A river rat comes into view.
The centaur shouts!
The centaur wields a +0 shortbow.
The centaur shoots an arrow.
The arrow hits you.
The centaur shoots an arrow.
The arrow hits you!
Blork the orc comes into view.
He is wielding a +0 scimitar.
The centaur shoots an arrow.
The arrow closely misses you.
Blork the orc shouts!
Okay, then.
You feel yourself speed up.
The centaur shoots an arrow.
The arrow closely misses you.
Blork the orc points at you and mumbles some strange words.
The magic dart hits you!
You die...

#........# #.....#
##........####.....#
♣♣..................##...
...........###...........
......<....# ##.....>..##
...#.##########.......r.≈
.##.. ##....##≈≈≈≈≈# #.#
#####.....##≈≈≈≈≈# #.
#........@≈≈.....≈ ..
#.........≈≈.....≈ ##
#......##.≈≈!....≈
......###.≈≈.....≈ #####
#......##.≈≈.....≈
.>....#....# #.##≈≈.≈≈#
.......<...# #.# ≈≈.≈≈#
#..........#


#oc ...... .........?.# .. ...### You could see Blork the orc and a centaur.

Vanquished Creatures
  An adder (D:3)
  A dart slug (D:3)
  An orc (D:4)
  2 bats
  4 ball pythons
  A frilled lizard (D:2)
  3 goblins
13 creatures vanquished.

Notes
Turn   | Place    | Note
-------+----------+-------------------------------------------
     0 | D:1      | Karpo the Gargoyle Earth Elementalist began the quest for
                  | the Orb.
     0 | D:1      | Reached XP level 1. HP: 10/10 MP: 3/3
   335 | D:5      | Entered Level 5 of the Dungeon
   335 | D:5      | Noticed Prince Ribbit
   344 | D:5      | Noticed a centaur
   344 | D:5      | Noticed a centaur
   349 | D:4      | Noticed an iguana
   438 | D:4      | Noticed a phantom
   485 | D:4      | Reached skill level 4 in Earth Magic
   485 | D:4      | Reached XP level 2. HP: 8/15 MP: 5/5
   620 | D:4      | Noticed Eustachio
  1004 | D:3      | Reached XP level 3. HP: 17/19 MP: 4/6
  1140 | D:5      | Found a transporter.
  1143 | D:5      | Found a transporter.
  1156 | D:5      | Noticed Blork the orc
  1158 | D:5      | Killed from afar by Blork the orc

Illustrated notes

Levels and vault maps discovered:
D:1:      dpeg_arrival_chambers_temple_mockup, layout_rooms, minmay_lizard_pond
D:2:      layout_rooms, shapermc_ecumenical_altar_mp_urbaneastern,
          serial_rivers, chequers_serial_rivers_micro_d,
          chequers_serial_rivers_small_3, chequers_serial_rivers_small_a,
          chequers_serial_rivers_room_b, chequers_serial_rivers_room_b,
          minmay_randomly_rotated_circles
D:3:      layout_basic, minmay_overflow_temple_hex
D:4:      layout_cave_pools, serial_park_tiny_pond, corexii_corridor_pit,
          uniq_eustachio
D:5:      layout_rooms, nicolae_dithmenos_through_a_glass_darkly,
          lemuel_mausoleum_altar_yredelemnul, cheibrodos_sewer_entry_sluice,
          gammafunk_ghost_abyssal_escape, minmay_manual_mares, uniq_edmund,
          uniq_blork_the_orc, uniq_prince_ribbit1

Skill      XL: |  1 |
---------------+----+-----
Earth Magic    | 4 |  4.3
Dodging        | |  1.5
Stealth        | |  2.1
Spellcasting   | |  2.6
Transmutations | |  0.7

Action                   || total
-------------------------++-------
Melee: Dagger            ||     6
       War axe           ||    49
 Cast: Sandblast         ||     7
  Use: Scroll            ||     2
       Potion            ||     1
 Stab: Sleeping          ||     1
Armor: Robe              ||    23
Dodge: Dodged            ||    59
